TOP OF THE 1ST |
Winnipeg Goldeyes batting - Pitching for Chester Pirates : LHP Tommy Tallent
|
Pitching: LHP Tommy Tallent
|
|
Batting: RHB Settan Nakamura
|
0-0: DOUBLE (Flyball, 8RD, EV 83.1 MPH)
|
Batting: RHB Itocravo Arrochela
|
0-0: Called Strike 0-1: Ball 1-1: Ball 2-1: Foul Ball, location: 2F 2-2: Strikes out swinging
|
Batting: SHB Victor Turrubiate
|
0-0: Ball 1-0: Ball 2-0: 2-RUN HOME RUN (Flyball, 9D, EV 96.9 MPH), Distance : 400 ft
|
Batting: RHB Terry Oetker
|
0-0: Called Strike 0-1: Foul Ball, location: 2F 0-2: Foul Ball, location: 2F 0-2: Ball 1-2: Ground out 6-3 (Groundball, 6, EV 90.0 MPH)
|
Batting: RHB Alejandro de Jesus
|
0-0: Called Strike 0-1: Foul Ball, location: 2F 0-2: Strikes out swinging
|
Top of the 1st over - 2 runs, 2 hits, 0 errors, 0 left on base; Winnipeg 2 - Chester 0 |
BOTTOM OF THE 1ST |
Chester Pirates batting - Pitching for Winnipeg Goldeyes : RHP Chi-young Chuko
|
Pitching: RHP Chi-young Chuko
|
|
Batting: RHB Mike Weeks
|
0-0: Ball 1-0: SINGLE (Flyball, 8RS, EV 91.2 MPH)
|
Batting: RHB Jason Rhodes
|
0-0: Called Strike 0-1: Ball 1-1: Grounds into double play, 5-4-3 (Groundball, 5, EV 106.9 MPH)
|
Batting: RHB Zach Chmieleski
|
0-0: Ball 1-0: Swinging Strike 1-1: Called Strike 1-2: Ball 2-2: Ball 3-2: SOLO HOME RUN (Flyball, 78XD, EV 109.4 MPH), Distance : 423 ft
|
Batting: RHB Matt Derrien
|
0-0: Called Strike 0-1: Ball 1-1: Called Strike 1-2: Foul Ball, location: 2F 1-2: Ball 2-2: Ball 3-2: Strikes out swinging
|
Bottom of the 1st over - 1 run, 2 hits, 0 errors, 0 left on base; Winnipeg 2 - Chester 1 |
TOP OF THE 2ND |
Winnipeg Goldeyes batting - Pitching for Chester Pirates : LHP Tommy Tallent
|
Batting: RHB Yu-zeng Mai
|
0-0: Called Strike 0-1: Ball 1-1: Swinging Strike 1-2: Ball 2-2: Ball 3-2: Base on Balls
|
Batting: SHB Tim Lloyd
|
0-0: Foul Ball, location: 2F 0-1: Swinging Strike 0-2: Strikes out looking
|
Batting: RHB Andy Valenzuela
|
0-0: Ball 1-0: Ball 2-0: Ball 3-0: Called Strike 3-1: Fly out, F8 (Flyball, 78M, EV 93.8 MPH)
|
Batting: RHB Ricky Saucedo
|
0-0: Ball 1-0: Ball 2-0: Ball 3-0: Called Strike 3-1: Foul Ball, location: 2F 3-2: Foul Ball, location: 2F 3-2: Base on Balls Yu-zeng Mai to second
|
Batting: RHB Settan Nakamura
|
0-0: Called Strike 0-1: Called Strike 0-2: Ball 1-2: Ball 2-2: Fly out, F9 (Flyball, 9, EV 81.9 MPH)
|
Top of the 2nd over - 0 runs, 0 hits, 0 errors, 2 left on base; Winnipeg 2 - Chester 1 |
BOTTOM OF THE 2ND |
Chester Pirates batting - Pitching for Winnipeg Goldeyes : RHP Chi-young Chuko
|
Batting: RHB Ryan Thurston
|
0-0: Foul Ball, location: 2F 0-1: Called Strike 0-2: Ball 1-2: Strikes out swinging
|
Batting: LHB Sean Driscoll
|
0-0: Ball 1-0: Fly out, F4 (Flyball, 34D, EV 95.6 MPH)
|
Batting: LHB Tommie Benefield
|
0-0: Swinging Strike 0-1: Foul Ball, location: 2F 0-2: Strikes out swinging
|
Bottom of the 2nd over - 0 runs, 0 hits, 0 errors, 0 left on base; Winnipeg 2 - Chester 1 |
TOP OF THE 3RD |
Winnipeg Goldeyes batting - Pitching for Chester Pirates : LHP Tommy Tallent
|
Batting: RHB Itocravo Arrochela
|
0-0: Called Strike 0-1: Ball 1-1: Called Strike 1-2: Foul Ball, location: 2F 1-2: Ball 2-2: SINGLE (Groundball, 34S, EV 71.2 MPH) (infield hit)
|
Batting: SHB Victor Turrubiate
|
0-0: Swinging Strike 0-1: Ball 1-1: Ball 2-1: SINGLE (Groundball, 34D, EV 96.9 MPH) Itocravo Arrochela to second Runner from 2nd tries for 3rd, SAFE, throw by RF made to third
|
Batting: RHB Terry Oetker
|
0-0: Foul Ball, location: 2F 0-1: Ball 1-1: Swinging Strike 1-2: Fielders Choice at 2nd, 4-6 (Groundball, 4, EV 81.2 MPH) Itocravo Arrochela scores
|
Batting: RHB Alejandro de Jesus
|
0-0: Called Strike 0-1: Foul Ball, location: 2F 0-2: Ball 1-2: Ball 2-2: Ball 3-2: Foul Ball, location: 2F 3-2: SINGLE (Flyball, 8RS, EV 85.0 MPH) Terry Oetker to second
|
Batting: RHB Yu-zeng Mai
|
0-0: Ball 1-0: Ball 2-0: Ball 3-0: Called Strike 3-1: Called Strike 3-2: Foul Ball, location: 2F 3-2: Strikes out looking
|
Batting: SHB Tim Lloyd
|
0-0: Foul Ball, location: 2F 0-1: Foul Ball, location: 2F 0-2: Ball 1-2: Fly out, F2 (Popup, 3SF, EV 73.1 MPH)
|
Top of the 3rd over - 1 run, 3 hits, 0 errors, 2 left on base; Winnipeg 3 - Chester 1 |
BOTTOM OF THE 3RD |
Chester Pirates batting - Pitching for Winnipeg Goldeyes : RHP Chi-young Chuko
|
Batting: RHB Zachery Loomis
|
0-0: Ground out 5-3 (Groundball, 5S, EV 86.9 MPH)
|
Batting: SHB Thad Shearing
|
0-0: Swinging Strike 0-1: Ball 1-1: Ball 2-1: Swinging Strike 2-2: Strikes out swinging
|
Batting: RHB Mike Weeks
|
0-0: Called Strike 0-1: Swinging Strike 0-2: Strikes out swinging
|
Bottom of the 3rd over - 0 runs, 0 hits, 0 errors, 0 left on base; Winnipeg 3 - Chester 1 |
TOP OF THE 4TH |
Winnipeg Goldeyes batting - Pitching for Chester Pirates : LHP Tommy Tallent
|
Pitching: RHP Yong-taek Hoang
|
|
Batting: RHB Andy Valenzuela
|
0-0: Ball 1-0: Foul Ball, location: 2F 1-1: Called Strike 1-2: Strikes out swinging
|
Batting: RHB Ricky Saucedo
|
0-0: Called Strike 0-1: Swinging Strike 0-2: Ball 1-2: Strikes out swinging
|
Batting: RHB Settan Nakamura
|
0-0: Ball 1-0: Called Strike 1-1: Foul Ball, location: 2F 1-2: Strikes out swinging passed ball, reaches first!
|
Batting: RHB Itocravo Arrochela
|
0-0: Reached on error, E6 (Groundball, 6, EV 86.9 MPH) Settan Nakamura to second
|
Batting: SHB Victor Turrubiate
|
0-0: Ball 1-0: Foul Ball, location: 2F 1-1: SINGLE (Groundball, 34D, EV 110.6 MPH) Settan Nakamura to third Itocravo Arrochela to second Runner from 3rd tries for Home, SAFE, throw by RF to home
|
Batting: RHB Terry Oetker
|
0-0: Called Strike 0-1: Ball 1-1: Called Strike 1-2: Ball 2-2: Foul Ball, location: 2F 2-2: Ball 3-2: Base on Balls Itocravo Arrochela to third Victor Turrubiate to second
|
Batting: RHB Alejandro de Jesus
|
0-0: Foul Ball, location: 2F 0-1: Foul Ball, location: 2F 0-2: Ball 1-2: Foul Ball, location: 2F 1-2: Foul Ball, location: 2F 1-2: Strikes out swinging
|
Top of the 4th over - 1 run, 1 hit, 1 error, 3 left on base; Winnipeg 4 - Chester 1 |
BOTTOM OF THE 4TH |
Chester Pirates batting - Pitching for Winnipeg Goldeyes : RHP Chi-young Chuko
|
Batting: RHB Jason Rhodes
|
0-0: Ground out 1-3 (Groundball, 15S, EV 63.1 MPH)
|
Batting: RHB Zach Chmieleski
|
0-0: Called Strike 0-1: Ball 1-1: Fly out, F5 (Popup, 5SF, EV 83.1 MPH)
|
Batting: RHB Matt Derrien
|
0-0: Called Strike 0-1: Swinging Strike 0-2: Ball 1-2: Foul Ball, location: 2F 1-2: Ball 2-2: Foul Ball, location: 2F 2-2: Ball 3-2: Base on Balls
|
Batting: RHB Ryan Thurston
|
0-0: Called Strike 0-1: Called Strike 0-2: SINGLE (Line Drive, 6MD, EV 97.5 MPH) Matt Derrien to second
|
Batting: LHB Sean Driscoll
|
0-0: Foul Ball, location: 2F 0-1: Ball 1-1: Ball 2-1: Foul Ball, location: 2F 2-2: Strikes out looking
|
Bottom of the 4th over - 0 runs, 1 hit, 0 errors, 2 left on base; Winnipeg 4 - Chester 1 |
TOP OF THE 5TH |
Winnipeg Goldeyes batting - Pitching for Chester Pirates : RHP Yong-taek Hoang
|
Batting: RHB Yu-zeng Mai
|
0-0: DOUBLE (Flyball, 8RD, EV 103.8 MPH)
|
Batting: SHB Tim Lloyd
|
0-0: Ball 1-0: Called Strike 1-1: SINGLE (Flyball, 78S, EV 91.9 MPH) Yu-zeng Mai to third Runner from 3rd tries for Home, SAFE, throw by LF to home
|
Batting: RHB Andy Valenzuela
|
0-0: Called Strike 0-1: Fly out, F6 (Popup, 6MD, EV 56.9 MPH)
|
Batting: RHB Ricky Saucedo
|
0-0: Called Strike 0-1: Called Strike 0-2: Foul Ball, location: 2F 0-2: Ball 1-2: Ball 2-2: Ball 3-2: Base on Balls Tim Lloyd to second
|
Batting: RHB Settan Nakamura
|
0-0: Ball 1-0: Fly out, F8 (Flyball, 8LM, EV 78.1 MPH)
|
Batting: RHB Itocravo Arrochela
|
0-0: Called Strike 0-1: Ball 1-1: SINGLE (Groundball, 4MS, EV 73.8 MPH) (infield hit) Tim Lloyd to third Ricky Saucedo to second
|
Pitching: RHP Justin Rousell
|
|
Batting: SHB Victor Turrubiate
|
0-0: Fly out, F9 (Line Drive, 9, EV 107.5 MPH)
|
Top of the 5th over - 1 run, 3 hits, 0 errors, 3 left on base; Winnipeg 5 - Chester 1 |
BOTTOM OF THE 5TH |
Chester Pirates batting - Pitching for Winnipeg Goldeyes : RHP Chi-young Chuko
|
Batting: LHB Tommie Benefield
|
0-0: Ball 1-0: Ball 2-0: Ball 3-0: Base on Balls
|
Batting: RHB Zachery Loomis
|
0-0: Called Strike 0-1: Ball 1-1: Ball 2-1: Ball 3-1: Base on Balls Tommie Benefield to second
|
Batting: SHB Thad Shearing
|
0-0: Ball 1-0: Called Strike 1-1: Foul Ball, location: 2F 1-2: Ball 2-2: Ball 3-2: Strikes out looking
|
Batting: RHB Mike Weeks
|
0-0: Swinging Strike 0-1: Foul Ball, location: 2F 0-2: Ball 1-2: Strikes out swinging
|
Batting: RHB Jason Rhodes
|
0-0: Ball 1-0: Fielders Choice at 2nd, 6-4 (Groundball, 6, EV 78.8 MPH)
|
Bottom of the 5th over - 0 runs, 0 hits, 0 errors, 2 left on base; Winnipeg 5 - Chester 1 |
TOP OF THE 6TH |
Winnipeg Goldeyes batting - Pitching for Chester Pirates : RHP Justin Rousell
|
Batting: RHB Terry Oetker
|
0-0: Ball 1-0: Called Strike 1-1: Swinging Strike 1-2: Ball 2-2: Foul Ball, location: 2F 2-2: Strikes out swinging
|
Batting: RHB Alejandro de Jesus
|
0-0: Called Strike 0-1: Swinging Strike 0-2: Strikes out swinging
|
Batting: RHB Yu-zeng Mai
|
0-0: Ground out 4-3 (Groundball, 4, EV 77.5 MPH)
|
Top of the 6th over - 0 runs, 0 hits, 0 errors, 0 left on base; Winnipeg 5 - Chester 1 |
BOTTOM OF THE 6TH |
Chester Pirates batting - Pitching for Winnipeg Goldeyes : RHP Chi-young Chuko
|
Batting: RHB Zach Chmieleski
|
0-0: Called Strike 0-1: Foul Ball, location: 2F 0-2: Ball 1-2: Foul Ball, location: 2F 1-2: Foul Ball, location: 2F 1-2: Ball 2-2: SOLO HOME RUN (Flyball, 78XD, EV 116.2 MPH), Distance : 470 ft
|
DELAY
|
Rain delay of 53 minutes in the 6th inning.
|
Pitching: RHP Gregg Edwards
|
|
Batting: RHB Matt Derrien
|
0-0: Ball 1-0: Called Strike 1-1: Ball 2-1: Ball 3-1: Base on Balls
|
Batting: RHB Ryan Thurston
|
0-0: Ball 1-0: Ball 2-0: Foul Ball, location: 2F 2-1: Ball 3-1: SINGLE (Groundball, 56S, EV 72.5 MPH) (infield hit) Matt Derrien to second
|
Batting: SHB Jiong Qi
|
0-0: Ball 1-0: Swinging Strike 1-1: Ball 2-1: Foul Ball, location: 2F 2-2: Strikes out swinging
|
Pinch Hitting: RHB Rafael Galicia
|
0-0: Foul Ball, location: 2F 0-1: Foul Ball, location: 2F 0-2: Ball 1-2: Strikes out swinging
|
Pinch Hitting: LHB Damien Cohen
|
0-0: SINGLE (Line Drive, 34D, EV 101.2 MPH) Matt Derrien to third Ryan Thurston to second
|
Batting: SHB Thad Shearing
|
0-0: Called Strike 0-1: Ball 1-1: Foul Ball, location: 2F 1-2: Ball 2-2: Ball 3-2: SINGLE (Line Drive, 7LM, EV 106.2 MPH) Matt Derrien scores Ryan Thurston to third Damien Cohen to second Ryan Thurston scores Damien Cohen to third
|
Pitching: RHP Curtis Melchert
|
|
Batting: RHB Mike Weeks
|
0-0: Called Strike 0-1: Ball 1-1: Foul Ball, location: 2F 1-2: Foul Ball, location: 2F 1-2: Ball 2-2: Foul Ball, location: 2F 2-2: Ball 3-2: DOUBLE (Line Drive, 9LM, EV 100.0 MPH) Damien Cohen scores Thad Shearing to third Thad Shearing scores
|
Batting: RHB Jason Rhodes
|
0-0: Called Strike 0-1: Called Strike 0-2: Foul Ball, location: 2F 0-2: Fly out, F8 (Flyball, 8LD, EV 79.4 MPH)
|
Bottom of the 6th over - 5 runs, 5 hits, 0 errors, 1 left on base; Winnipeg 5 - Chester 6 |
TOP OF THE 7TH |
Winnipeg Goldeyes batting - Pitching for Chester Pirates : RHP Justin Rousell
|
Now at 3B: Rafael Galicia
|
|
Now in RF: Dustin Hamblin
|
|
Pinch Hitting: RHB Mitsuhiro Kobayashi
|
0-0: Ball 1-0: Ball 2-0: Ball 3-0: Called Strike 3-1: Called Strike 3-2: Base on Balls
|
Pitching: RHP Matt D'Alessandro
|
|
Batting: RHB Andy Valenzuela
|
0-0: Foul Ball, location: 2F 0-1: Called Strike 0-2: Foul Ball, location: 2F 0-2: Ball 1-2: Ball 2-2: Foul Ball, location: 2F 2-2: Foul Ball, location: 2F 2-2: Strikes out swinging
|
Batting: RHB Ricky Saucedo
|
0-0: Called Strike 0-1: Ball 1-1: Foul Ball, location: 2F 1-2: Ball 2-2: Ball 3-2: TRIPLE (Flyball, 78XD, EV 105.6 MPH) Mitsuhiro Kobayashi scores
|
Pitching: RHP Sung-jae Choo
|
|
Batting: RHB Settan Nakamura
|
0-0: Called Strike 0-1: Called Strike 0-2: Ball 1-2: Ball 2-2: Ball 3-2: Foul Ball, location: 2F 3-2: Base on Balls
|
Batting: RHB Itocravo Arrochela
|
0-0: Called Strike Settan Nakamura steals 2nd base 0-1: Foul Ball, location: 2F 0-2: Ball 1-2: Ball 2-2: Strikes out swinging
|
Pitching: RHP Justin Todorovich
|
|
Batting: SHB Victor Turrubiate
|
0-0: Ball 1-0: Ball 2-0: Called Strike 2-1: Foul Ball, location: 2F 2-2: Fly out, F5 (Popup, 56S, EV 73.8 MPH)
|
Top of the 7th over - 1 run, 1 hit, 0 errors, 2 left on base; Winnipeg 6 - Chester 6 |
BOTTOM OF THE 7TH |
Chester Pirates batting - Pitching for Winnipeg Goldeyes : RHP Curtis Melchert
|
Now in LF: Yu-zeng Mai
|
|
Now in CF: Mike Berzins
|
|
Batting: RHB Zach Chmieleski
|
0-0: Ball 1-0: Ball 2-0: Foul Ball, location: 2F 2-1: Swinging Strike 2-2: Foul Ball, location: 2F 2-2: Ball 3-2: Base on Balls
|
Batting: RHB Matt Derrien
|
0-0: Foul Ball, location: 2F 0-1: Ball 1-1: Foul Ball, location: 2F 1-2: Strikes out looking
|
Batting: RHB Ryan Thurston
|
0-0: Ball 1-0: Ball 2-0: SINGLE (Line Drive, 4D, EV 97.5 MPH) Zach Chmieleski to second
|
Batting: SHB Jiong Qi
|
0-0: Ball 1-0: Ball 2-0: Foul Ball, location: 2F 2-1: Ball 3-1: Foul Ball, location: 2F 3-2: Strikes out swinging
|
Batting: RHB Rafael Galicia
|
0-0: Ground out 5-3 (Groundball, 56, EV 105.0 MPH)
|
Bottom of the 7th over - 0 runs, 1 hit, 0 errors, 2 left on base; Winnipeg 6 - Chester 6 |
TOP OF THE 8TH |
Winnipeg Goldeyes batting - Pitching for Chester Pirates : RHP Justin Todorovich
|
Batting: RHB Terry Oetker
|
0-0: Ball 1-0: Ball 2-0: Ball 3-0: Called Strike 3-1: Base on Balls
|
Pinch Hitting: LHB Dave Bertheau
|
0-0: Called Strike 0-1: Swinging Strike 0-2: Strikes out swinging
|
Batting: RHB Yu-zeng Mai
|
0-0: Foul Ball, location: 2F 0-1: Ball 1-1: Called Strike 1-2: Strikes out swinging
|
Batting: RHB Mike Berzins
|
0-0: Fielders Choice at 2nd, 6-4 (Groundball, 6, EV 101.9 MPH)
|
Top of the 8th over - 0 runs, 0 hits, 0 errors, 1 left on base; Winnipeg 6 - Chester 6 |
BOTTOM OF THE 8TH |
Chester Pirates batting - Pitching for Winnipeg Goldeyes : RHP Curtis Melchert
|
Pitching: LHP Bryce Alexander
|
|
Now at 3B: Danny Rodriguez
|
|
Batting: RHB Dustin Hamblin
|
0-0: Ground out U3 (Groundball, 3, EV 87.5 MPH)
|
Batting: SHB Thad Shearing
|
0-0: Called Strike 0-1: Ball 1-1: Ball 2-1: Ball 3-1: Foul Ball, location: 2F 3-2: Foul Ball, location: 2F 3-2: Base on Balls
|
Batting: RHB Mike Weeks
|
0-0: Ball 1-0: Foul Ball, location: 2F 1-1: Swinging Strike 1-2: Ball 2-2: Strikes out looking
|
Batting: RHB Jason Rhodes
|
0-0: Fly out, F7 (Line Drive, 78M, EV 89.4 MPH)
|
Bottom of the 8th over - 0 runs, 0 hits, 0 errors, 1 left on base; Winnipeg 6 - Chester 6 |
TOP OF THE 9TH |
Winnipeg Goldeyes batting - Pitching for Chester Pirates : RHP Justin Todorovich
|
Batting: RHB Andy Valenzuela
|
0-0: Called Strike 0-1: Ball 1-1: Called Strike 1-2: Ball 2-2: Foul Ball, location: 2F 2-2: Strikes out swinging
|
Pinch Hitting: RHB Braydon Garland
|
0-0: Swinging Strike 0-1: Foul Ball, location: 2F 0-2: Ball 1-2: Ball 2-2: Ball 3-2: Strikes out swinging
|
Pitching: RHP Tomas Cavazos
|
|
Batting: RHB Settan Nakamura
|
0-0: Called Strike 0-1: Swinging Strike 0-2: Ball 1-2: Foul Ball, location: 2F 1-2: Ball 2-2: Foul Ball, location: 2F 2-2: Foul Ball, location: 2F 2-2: Ball 3-2: Base on Balls
|
Batting: RHB Itocravo Arrochela
|
0-0: Swinging Strike 0-1: Ball 1-1: Called Strike 1-2: Reached on error, E5 (Groundball, 56, EV 101.9 MPH) Settan Nakamura to second
|
Batting: SHB Victor Turrubiate
|
0-0: Called Strike 0-1: Called Strike 0-2: Ball 1-2: Foul Ball, location: 2F 1-2: Ground out 1-3 (Groundball, 34S, EV 64.4 MPH)
|
Top of the 9th over - 0 runs, 0 hits, 1 error, 2 left on base; Winnipeg 6 - Chester 6 |
BOTTOM OF THE 9TH |
Chester Pirates batting - Pitching for Winnipeg Goldeyes : LHP Bryce Alexander
|
Now at C: Tim Wilton
|
|
Batting: RHB Zach Chmieleski
|
0-0: Called Strike 0-1: Ball 1-1: Ball 2-1: Foul Ball, location: 2F 2-2: Foul Ball, location: 2F 2-2: Ball 3-2: SINGLE (Line Drive, 3D, EV 95.0 MPH)
|
Batting: RHB Matt Derrien
|
0-0: Foul Ball, location: 2F 0-1: Foul Ball, location: 2F 0-2: Ball 1-2: Strikes out swinging
|
Pitching: RHP Jason McCaw
|
|
Batting: RHB Ryan Thurston
|
0-0: Foul Ball, location: 2F 0-1: Ball 1-1: Grounds into double play, 4-6-3 (Groundball, 4, EV 84.4 MPH)
|
Bottom of the 9th over - 0 runs, 1 hit, 0 errors, 0 left on base; Winnipeg 6 - Chester 6 |
TOP OF THE 10TH |
Winnipeg Goldeyes batting - Pitching for Chester Pirates : RHP Tomas Cavazos
|
Pitching: LHP Ighlas Kumbuka
|
|
Batting: RHB Terry Oetker
|
0-0: SOLO HOME RUN (Line Drive, 7D, EV 102.5 MPH), Distance : 411 ft
|
Batting: RHB Danny Rodriguez
|
0-0: Foul Ball, location: 2F 0-1: Ball 1-1: Ball 2-1: SINGLE (Groundball, 34D, EV 96.9 MPH)
|
Batting: RHB Yu-zeng Mai
|
0-0: Sac Bunt to 5S - play at first, batter OUT! 5-4 Danny Rodriguez to second
|
Batting: RHB Mike Berzins
|
0-0: Intentional Walk
|
Batting: RHB Andy Valenzuela
|
0-0: Called Strike 0-1: Ball 1-1: Ball 2-1: Foul Ball, location: 2F 2-2: Ball 3-2: Foul Ball, location: 2F 3-2: Strikes out swinging
|
Pinch Hitting: RHB Gary Smith
|
0-0: Fly out, F8 (Line Drive, 8RD, EV 91.9 MPH)
|
Top of the 10th over - 1 run, 2 hits, 0 errors, 2 left on base; Winnipeg 7 - Chester 6 |
BOTTOM OF THE 10TH |
Chester Pirates batting - Pitching for Winnipeg Goldeyes : RHP Jason McCaw
|
Now at C: Justin Palko
|
|
Now at 1B: Fernando Membreno
|
|
Batting: SHB Jiong Qi
|
0-0: Ball 1-0: Ball 2-0: Ball 3-0: Foul Ball, location: 2F 3-1: Swinging Strike 3-2: Fly out, F9 (Flyball, 9S, EV 87.5 MPH)
|
Pinch Hitting: RHB Oscar Mora
|
0-0: Ball 1-0: Called Strike 1-1: Ball 2-1: SINGLE (Line Drive, 89M, EV 101.9 MPH)
|
Pinch Hitting: RHB Bob Buckler
|
0-0: Called Strike 0-1: Ball 1-1: Swinging Strike 1-2: Strikes out swinging
|
Batting: SHB Thad Shearing
|
0-0: Ball Wild Pitch! Oscar Mora to second 1-0: Fly out, F6 (Line Drive, 6, EV 76.2 MPH)
|
Bottom of the 10th over - 0 runs, 1 hit, 0 errors, 1 left on base; Winnipeg 7 - Chester 6 |
|